| TOP OF THE 1ST |
|
Minnesota (NYP) Twins batting - Pitching for Idaho Falls Chukars : RHP Travis Stump
|
|
Pitching: RHP Travis Stump
|
|
|
Batting: LHB Chris Munguia
|
0-0: Called Strike 0-1: Ball 1-1: Fly out, F7 (Flyball, 7, EV 78.1 MPH)
|
|
Batting: RHB Michael McDonald
|
0-0: SINGLE (Groundball, 6D, EV 94.4 MPH)
|
|
Batting: RHB Miguel Diaz
|
0-0: DOUBLE (Flyball, 8RXD, EV 108.8 MPH) Michael McDonald to third
|
|
Batting: RHB Jose Nunez
|
0-0: Foul Ball, location: 2F 0-1: Ball 1-1: Foul Ball, location: 2F 1-2: Foul Ball, location: 2F 1-2: Ball 2-2: Ball 3-2: SINGLE (Groundball, 4MD, EV 95.0 MPH) Michael McDonald scores Miguel Diaz to third
|
|
Batting: RHB Sean Gould
|
0-0: Called Strike 0-1: Called Strike 0-2: Ball 1-2: Foul Ball, location: 2F 1-2: Ball 2-2: Ball 3-2: Fly out, F7 (Line Drive, 7, EV 89.4 MPH)
|
|
Pitching: RHP Rich Frontczak
|
|
|
Batting: RHB Tony Crespo
|
0-0: Called Strike 0-1: Foul Ball, location: 2F 0-2: Foul Ball, location: 2F 0-2: DOUBLE (Line Drive, 9LM, EV 106.2 MPH) Miguel Diaz scores Jose Nunez to third Runner from 3rd tries for Home, SAFE, throw by RF to trailing runner, SAFE at third!
|
|
Batting: LHB Seung-jun Chang
|
0-0: Ball 1-0: Called Strike 1-1: Called Strike 1-2: Strikes out swinging
|
| Top of the 1st over - 3 runs, 4 hits, 0 errors, 1 left on base; Minnesota (NYP) 3 - Idaho Falls 0 |
| BOTTOM OF THE 1ST |
|
Idaho Falls Chukars batting - Pitching for Minnesota (NYP) Twins : LHP Mike Horton
|
|
Pitching: LHP Mike Horton
|
|
|
Batting: RHB Chad Sullivan
|
0-0: Called Strike 0-1: Ball 1-1: Ball 2-1: Foul Ball, location: 2F 2-2: Ground out 4-3 (Groundball, 4S, EV 86.9 MPH)
|
|
Batting: RHB Kevin Allen
|
0-0: Ball 1-0: Ball 2-0: Swinging Strike 2-1: Swinging Strike 2-2: Ball 3-2: Strikes out swinging
|
|
Batting: RHB Edite Leoni
|
0-0: Ball 1-0: Called Strike 1-1: SINGLE (Groundball, 56D, EV 99.4 MPH)
|
|
Batting: RHB Ken Postlethwaite
|
Balk! Edite Leoni to second 0-0: Called Strike 0-1: Ball 1-1: Called Strike 1-2: Ball 2-2: Strikes out swinging
|
| Bottom of the 1st over - 0 runs, 1 hit, 0 errors, 1 left on base; Minnesota (NYP) 3 - Idaho Falls 0 |
| TOP OF THE 2ND |
|
Minnesota (NYP) Twins batting - Pitching for Idaho Falls Chukars : RHP Rich Frontczak
|
|
Batting: RHB Manuel Juarez
|
0-0: Called Strike 0-1: Foul Ball, location: 2F 0-2: Ball 1-2: Ball 2-2: Strikes out swinging
|
|
Batting: RHB Alex Loaiza
|
0-0: Swinging Strike 0-1: Ball 1-1: SINGLE (Groundball, 4MD, EV 101.2 MPH) (infield hit)
|
|
Batting: LHB Chris Munguia
|
0-0: Ball 1-0: Ball 2-0: Called Strike 2-1: Ball Alex Loaiza steals 2nd base 3-1: Foul Ball, location: 2F 3-2: Foul Ball, location: 2F 3-2: Foul Ball, location: 2F 3-2: Fly out, F5 (Popup, 56S, EV 77.5 MPH)
|
|
Pitching: RHP Tony Jimenez
|
|
|
Batting: RHB Michael McDonald
|
0-0: Called Strike 0-1: Ball 1-1: Ball 2-1: Foul Ball, location: 2F 2-2: DOUBLE (Line Drive, 89M, EV 87.5 MPH) Alex Loaiza scores
|
|
Batting: RHB Miguel Diaz
|
0-0: Called Strike 0-1: Ball 1-1: Ball 2-1: Ball 3-1: Base on Balls
|
|
Batting: RHB Jose Nunez
|
0-0: Ball 1-0: Ball 2-0: Ball 3-0: Base on Balls Michael McDonald to third Miguel Diaz to second
|
|
Batting: RHB Sean Gould
|
0-0: Ground out 4-3 (Groundball, 4, EV 90.6 MPH)
|
| Top of the 2nd over - 1 run, 2 hits, 0 errors, 3 left on base; Minnesota (NYP) 4 - Idaho Falls 0 |
| BOTTOM OF THE 2ND |
|
Idaho Falls Chukars batting - Pitching for Minnesota (NYP) Twins : LHP Mike Horton
|
|
Batting: RHB Nate De Jongh
|
0-0: Ball 1-0: Swinging Strike 1-1: SINGLE (Groundball, 34D, EV 98.8 MPH)
|
|
Batting: RHB Eric Dyer
|
0-0: Ball 1-0: Swinging Strike 1-1: Called Strike 1-2: Ball 2-2: TRIPLE (Line Drive, 9LD, EV 110.6 MPH) Nate De Jongh scores
|
|
Batting: RHB Ben Minge
|
0-0: Ball 1-0: Foul Ball, location: 2F 1-1: Ground out 5-3 (Groundball, 56S, EV 84.4 MPH) Eric Dyer scores
|
|
Batting: RHB Eric Erickson
|
0-0: Ball 1-0: Ground out 5-3 (Groundball, 56S, EV 92.5 MPH)
|
|
Batting: RHB Timotheus Cooper
|
0-0: Called Strike 0-1: Foul Ball, location: 2F 0-2: SINGLE (Line Drive, 89S, EV 100.6 MPH)
|
|
Batting: RHB Chad Sullivan
|
0-0: Ball 1-0: Swinging Strike 1-1: Ball 2-1: Foul Ball, location: 2F 2-2: Foul Ball, location: 2F 2-2: Ball 3-2: Foul Ball, location: 2F 3-2: DOUBLE (Line Drive, 7LS, EV 109.4 MPH) Timotheus Cooper to third Timotheus Cooper scores
|
|
Batting: RHB Kevin Allen
|
0-0: Called Strike 0-1: Ball 1-1: Ball 2-1: Ball 3-1: Foul Ball, location: 2F 3-2: Ground out 5-3 (Groundball, 56, EV 105.6 MPH)
|
| Bottom of the 2nd over - 3 runs, 4 hits, 0 errors, 1 left on base; Minnesota (NYP) 4 - Idaho Falls 3 |
| TOP OF THE 3RD |
|
Minnesota (NYP) Twins batting - Pitching for Idaho Falls Chukars : RHP Tony Jimenez
|
|
Batting: RHB Tony Crespo
|
0-0: Ball 1-0: Foul Ball, location: 2F 1-1: SINGLE (Line Drive, 4D, EV 105.0 MPH)
|
|
Batting: LHB Seung-jun Chang
|
0-0: Ball 1-0: Called Strike 1-1: Ball 2-1: Ball 3-1: Foul Ball, location: 2F 3-2: Foul Ball, location: 2F 3-2: Base on Balls Tony Crespo to second
|
|
Batting: RHB Manuel Juarez
|
0-0: Called Strike Tony Crespo steals 3rd, throwing error, E2 Tony Crespo scores Seung-jun Chang to third 0-1: Ball 1-1: Called Strike 1-2: Ball 2-2: Ball 3-2: Base on Balls
|
|
Batting: RHB Alex Loaiza
|
0-0: DOUBLE (Line Drive, 9LS, EV 97.5 MPH) Seung-jun Chang scores Manuel Juarez to third
|
|
Batting: LHB Chris Munguia
|
0-0: Ball 1-0: Foul Ball, location: 2F 1-1: Ball 2-1: Swinging Strike 2-2: Ball 3-2: Base on Balls
|
|
Batting: RHB Michael McDonald
|
0-0: Hit by Pitch Manuel Juarez scores Alex Loaiza to third Chris Munguia to second
|
|
Batting: RHB Miguel Diaz
|
0-0: Called Strike 0-1: SINGLE (Line Drive, 34, EV 108.1 MPH) Alex Loaiza scores Chris Munguia to third Michael McDonald to second Runner from 3rd tries for Home, SAFE, throw by RF to home
|
|
Batting: RHB Jose Nunez
|
0-0: Ball 1-0: Ball 2-0: Foul Ball, location: 2F 2-1: Ball 3-1: Foul Ball, location: 2F 3-2: Base on Balls Michael McDonald to third Miguel Diaz to second
|
|
Batting: RHB Sean Gould
|
0-0: Ball 1-0: Ball Passed Ball! Michael McDonald scores Miguel Diaz to third Jose Nunez to second 2-0: Called Strike 2-1: Swinging Strike 2-2: Strikes out swinging
|
|
Batting: RHB Tony Crespo
|
0-0: Foul Ball, location: 2F 0-1: Ball Wild Pitch! Miguel Diaz scores Jose Nunez to third 1-1: Ball 2-1: Ball 3-1: Foul Ball, location: 2F 3-2: Base on Balls
|
|
Batting: LHB Seung-jun Chang
|
0-0: Foul Ball, location: 2F 0-1: Ball 1-1: Swinging Strike 1-2: Foul Ball, location: 2F 1-2: Strikes out swinging
|
|
Pitching: LHP Randy Stapleton
|
|
|
Batting: RHB Manuel Juarez
|
0-0: Called Strike 0-1: Ball Wild Pitch! Jose Nunez scores Tony Crespo to second 1-1: Fly out, F9 (Line Drive, 9, EV 90.0 MPH)
|
| Top of the 3rd over - 8 runs, 3 hits, 1 error, 1 left on base; Minnesota (NYP) 12 - Idaho Falls 3 |
| BOTTOM OF THE 3RD |
|
Idaho Falls Chukars batting - Pitching for Minnesota (NYP) Twins : LHP Mike Horton
|
|
Batting: RHB Edite Leoni
|
0-0: Swinging Strike 0-1: Ball 1-1: Foul Ball, location: 2F 1-2: Ball 2-2: Ground out 6-3 (Groundball, 6M, EV 95.0 MPH)
|
|
Batting: RHB Ken Postlethwaite
|
0-0: Called Strike 0-1: Ball 1-1: Ball 2-1: Ground out U3 (Groundball, 3, EV 94.4 MPH)
|
|
Batting: RHB Nate De Jongh
|
0-0: Ball 1-0: Called Strike 1-1: Ball 2-1: Ball 3-1: Ground out 6-3 (Groundball, 6, EV 89.4 MPH)
|
| Bottom of the 3rd over - 0 runs, 0 hits, 0 errors, 0 left on base; Minnesota (NYP) 12 - Idaho Falls 3 |
| TOP OF THE 4TH |
|
Minnesota (NYP) Twins batting - Pitching for Idaho Falls Chukars : LHP Randy Stapleton
|
|
Batting: RHB Alex Loaiza
|
0-0: Fly out, F4 (Line Drive, 4, EV 61.9 MPH)
|
|
Batting: LHB Chris Munguia
|
0-0: Ball 1-0: Ball 2-0: Ball 3-0: Called Strike 3-1: Base on Balls
|
|
Batting: RHB Michael McDonald
|
0-0: Foul Ball, location: 2F 0-1: Ball 1-1: DOUBLE (Flyball, 89XD, EV 110.0 MPH) Chris Munguia to third
|
|
Batting: RHB Miguel Diaz
|
0-0: SINGLE (Line Drive, 4MD, EV 96.2 MPH) Chris Munguia scores Michael McDonald to third
|
|
Batting: RHB Jose Nunez
|
0-0: Ball 1-0: Ball 2-0: Ball 3-0: Called Strike 3-1: Base on Balls Miguel Diaz to second
|
|
Pitching: RHP Jeremy Haun
|
|
|
Batting: RHB Sean Gould
|
0-0: Ball 1-0: SINGLE (Line Drive, 4MD, EV 95.6 MPH) Michael McDonald scores Miguel Diaz to third Jose Nunez to second
|
|
Batting: RHB Tony Crespo
|
0-0: Ball 1-0: Ball 2-0: Ball 3-0: Base on Balls Miguel Diaz scores Jose Nunez to third Sean Gould to second
|
|
Batting: LHB Seung-jun Chang
|
0-0: Ball Wild Pitch! Jose Nunez scores Sean Gould to third Tony Crespo to second 1-0: Ball 2-0: Foul Ball, location: 2F 2-1: Fly out, F7 (Flyball, 78XD, EV 77.5 MPH) Runner from 3rd tags up, SCORES, no throw by LF Tony Crespo to third
|
|
Batting: RHB Manuel Juarez
|
0-0: Ball 1-0: Fly out, F8 (Line Drive, 8RM, EV 93.8 MPH)
|
| Top of the 4th over - 5 runs, 3 hits, 0 errors, 1 left on base; Minnesota (NYP) 17 - Idaho Falls 3 |
| BOTTOM OF THE 4TH |
|
Idaho Falls Chukars batting - Pitching for Minnesota (NYP) Twins : LHP Mike Horton
|
|
Batting: RHB Eric Dyer
|
0-0: Called Strike 0-1: Ball 1-1: Ball 2-1: DOUBLE (Groundball, 5L, EV 101.9 MPH)
|
|
Batting: RHB Ben Minge
|
0-0: Called Strike 0-1: Ball 1-1: Fly out, F3 (Popup, 3S, EV 66.9 MPH)
|
|
Batting: RHB Eric Erickson
|
0-0: Ball 1-0: Ball 2-0: Ball 3-0: Base on Balls
|
|
Pitching: RHP Kevin Colgin
|
|
|
Batting: RHB Timotheus Cooper
|
0-0: Called Strike 0-1: Ball 1-1: SINGLE (Groundball, 6D, EV 94.4 MPH) Eric Dyer to third Eric Erickson to second Runner from 3rd tries for Home, throw by LF and OUT! 7-2
|
|
Batting: RHB Chad Sullivan
|
0-0: Foul Ball, location: 2F 0-1: Swinging Strike 0-2: Foul Ball, location: 2F 0-2: Strikes out looking
|
| Bottom of the 4th over - 0 runs, 2 hits, 0 errors, 2 left on base; Minnesota (NYP) 17 - Idaho Falls 3 |
| TOP OF THE 5TH |
|
Minnesota (NYP) Twins batting - Pitching for Idaho Falls Chukars : RHP Jeremy Haun
|
|
Batting: RHB Alex Loaiza
|
0-0: Called Strike 0-1: Called Strike 0-2: Ball 1-2: Strikes out looking
|
|
Batting: LHB Chris Munguia
|
0-0: Ball 1-0: Swinging Strike 1-1: Ball 2-1: Ball 3-1: Foul Ball, location: 2F 3-2: Base on Balls
|
|
Pitching: LHP John Wagner
|
|
|
Batting: RHB Michael McDonald
|
Pickoff Throw to First - Out! 1-3 0-0: Called Strike 0-1: Ball 1-1: Ball 2-1: Called Strike 2-2: Ball 3-2: SOLO HOME RUN (Flyball, 78XD, EV 99.4 MPH), Distance : 391 ft
|
|
Batting: RHB Miguel Diaz
|
0-0: Ball 1-0: Swinging Strike 1-1: Foul Ball, location: 2F 1-2: Ball 2-2: DOUBLE (Flyball, 89D, EV 101.9 MPH)
|
|
Batting: RHB Jose Nunez
|
0-0: Ball 1-0: Swinging Strike 1-1: Foul Ball, location: 2F 1-2: Strikes out swinging
|
| Top of the 5th over - 1 run, 2 hits, 0 errors, 1 left on base; Minnesota (NYP) 18 - Idaho Falls 3 |
| BOTTOM OF THE 5TH |
|
Idaho Falls Chukars batting - Pitching for Minnesota (NYP) Twins : RHP Kevin Colgin
|
|
Batting: RHB Kevin Allen
|
0-0: Ball 1-0: Ball 2-0: Ball 3-0: Base on Balls
|
|
Batting: RHB Edite Leoni
|
0-0: Called Strike 0-1: Called Strike 0-2: Fielders Choice at 2nd, 5-4 (Groundball, 56, EV 89.4 MPH)
|
|
Batting: RHB Ken Postlethwaite
|
0-0: Called Strike 0-1: Swinging Strike 0-2: Fly out, F3 (Line Drive, 3, EV 68.1 MPH) Lined into DP, U3 (Line Drive, 3, EV 73.8 MPH)
|
| Bottom of the 5th over - 0 runs, 0 hits, 0 errors, 0 left on base; Minnesota (NYP) 18 - Idaho Falls 3 |
| TOP OF THE 6TH |
|
Minnesota (NYP) Twins batting - Pitching for Idaho Falls Chukars : LHP John Wagner
|
|
Batting: RHB Sean Gould
|
0-0: Ball 1-0: Foul Ball, location: 2F 1-1: Swinging Strike 1-2: Foul Ball, location: 2F 1-2: Ground out U3 (Groundball, 3S, EV 83.8 MPH)
|
|
Batting: RHB Tony Crespo
|
0-0: Foul Ball, location: 2F 0-1: Swinging Strike 0-2: Ball 1-2: Strikes out swinging
|
|
Batting: LHB Seung-jun Chang
|
0-0: Called Strike 0-1: Ball 1-1: Ball 2-1: Swinging Strike 2-2: Foul Ball, location: 2F 2-2: Foul Ball, location: 2F 2-2: Foul Ball, location: 2F 2-2: Ball 3-2: Base on Balls
|
|
Batting: RHB Manuel Juarez
|
0-0: Ball 1-0: Foul Ball, location: 2F 1-1: Ball 2-1: Ball 3-1: Base on Balls Seung-jun Chang to second
|
|
Batting: RHB Alex Loaiza
|
0-0: Ball 1-0: Ball 2-0: Ball 3-0: Called Strike 3-1: Called Strike 3-2: Strikes out swinging
|
| Top of the 6th over - 0 runs, 0 hits, 0 errors, 2 left on base; Minnesota (NYP) 18 - Idaho Falls 3 |
| BOTTOM OF THE 6TH |
|
Idaho Falls Chukars batting - Pitching for Minnesota (NYP) Twins : RHP Kevin Colgin
|
|
Batting: RHB Nate De Jongh
|
0-0: Ball 1-0: Called Strike 1-1: Ground out 6-3 (Groundball, 6, EV 102.5 MPH)
|
|
Pitching: RHP Matt Lundy
|
|
|
Batting: RHB Eric Dyer
|
0-0: Ball 1-0: Foul Ball, location: 2F 1-1: Swinging Strike 1-2: Ball 2-2: Strikes out swinging
|
|
Batting: RHB Ben Minge
|
0-0: Ball 1-0: Called Strike 1-1: Called Strike 1-2: Ball 2-2: Ball 3-2: SINGLE (Groundball, 34D, EV 109.4 MPH)
|
|
Batting: RHB Eric Erickson
|
0-0: Foul Ball, location: 2F 0-1: Ball 1-1: Ball 2-1: Ball 3-1: Base on Balls Ben Minge to second
|
|
Batting: RHB Timotheus Cooper
|
0-0: Called Strike 0-1: Ball 1-1: Ball 2-1: Ball 3-1: Base on Balls Ben Minge to third Eric Erickson to second
|
|
Pitching: RHP Ruben Torres
|
|
|
Batting: RHB Chad Sullivan
|
0-0: Called Strike 0-1: Ball 1-1: Fly out, F4 (Popup, 23, EV 84.4 MPH)
|
| Bottom of the 6th over - 0 runs, 1 hit, 0 errors, 3 left on base; Minnesota (NYP) 18 - Idaho Falls 3 |
| TOP OF THE 7TH |
|
Minnesota (NYP) Twins batting - Pitching for Idaho Falls Chukars : LHP John Wagner
|
|
Pinch Hitting: RHB Gustavo Pacheco
|
0-0: Ball 1-0: Ball 2-0: Ball 3-0: Base on Balls
|
|
Batting: RHB Michael McDonald
|
0-0: Called Strike 0-1: Ball 1-1: SINGLE (Flyball, 89S, EV 83.1 MPH) Gustavo Pacheco to second
|
|
Pinch Hitting: RHB Mario Salazar
|
Balk! Gustavo Pacheco to third Michael McDonald to second 0-0: Ball Wild Pitch! Gustavo Pacheco scores Michael McDonald to third 1-0: Ball 2-0: Called Strike 2-1: Foul Ball, location: 2F 2-2: Foul Ball, location: 2F 2-2: Strikes out swinging
|
|
Batting: RHB Jose Nunez
|
0-0: Ball 1-0: SINGLE (Groundball, 56D, EV 95.0 MPH) Michael McDonald scores
|
|
Batting: RHB Sean Gould
|
0-0: Ball 1-0: Foul Ball, location: 2F 1-1: SINGLE (Flyball, 8LS, EV 90.0 MPH) Jose Nunez to second
|
|
Pinch Hitting: RHB David Nardone
|
0-0: SINGLE (Line Drive, 6MD, EV 95.6 MPH) Jose Nunez to third Sean Gould to second
|
|
Pinch Hitting: SHB Donell Burney
|
0-0: Ball 1-0: Reached on error, E4 (Groundball, 4S, EV 83.1 MPH) Jose Nunez scores Sean Gould to third David Nardone to second
|
|
Batting: RHB Manuel Juarez
|
0-0: Ball 1-0: Foul Ball, location: 2F 1-1: Ball 2-1: Foul Ball, location: 2F 2-2: Ball 3-2: Base on Balls Sean Gould scores David Nardone to third Donell Burney to second
|
|
Batting: RHB Alex Loaiza
|
Balk! David Nardone scores Donell Burney to third Manuel Juarez to second 0-0: SINGLE (Flyball, 8RS, EV 86.9 MPH) Donell Burney scores Manuel Juarez to third
|
|
Batting: RHB Gustavo Pacheco
|
0-0: Fielders Choice at 2nd, 3-6 (Groundball, 34S, EV 85.6 MPH) Manuel Juarez scores
|
|
Batting: RHB Michael McDonald
|
0-0: Ball 1-0: Called Strike 1-1: Ball Balk! Gustavo Pacheco to second 2-1: Ball 3-1: Base on Balls
|
|
Batting: RHB Mario Salazar
|
Balk! Gustavo Pacheco to third Michael McDonald to second 0-0: Ball 1-0: Swinging Strike 1-1: Ball Wild Pitch! Gustavo Pacheco scores Michael McDonald to third 2-1: Ball Wild Pitch! Michael McDonald scores 3-1: Called Strike 3-2: Base on Balls
|
|
Batting: RHB Jose Nunez
|
0-0: Ball Wild Pitch! Mario Salazar to second 1-0: 2-RUN HOME RUN (Line Drive, 7LD, EV 97.5 MPH), Distance : 375 ft
|
|
Batting: RHB Sean Gould
|
0-0: Foul Ball, location: 2F 0-1: Ground out 6-3 (Groundball, 6, EV 87.5 MPH)
|
| Top of the 7th over - 11 runs, 6 hits, 1 error, 0 left on base; Minnesota (NYP) 29 - Idaho Falls 3 |
| BOTTOM OF THE 7TH |
|
Idaho Falls Chukars batting - Pitching for Minnesota (NYP) Twins : RHP Ruben Torres
|
|
Now at 1B: Ben Leiby
|
|
|
Now at SS: Donell Burney
|
|
|
Now in CF: Gustavo Pacheco
|
|
|
Now in RF: David Nardone
|
|
|
Batting: RHB Kevin Allen
|
0-0: Ball 1-0: Ball 2-0: Ball 3-0: Called Strike 3-1: Called Strike 3-2: Ground out 5-3 (Groundball, 56S, EV 91.9 MPH)
|
|
Batting: RHB Edite Leoni
|
0-0: Ball 1-0: Called Strike 1-1: Foul Ball, location: 2F 1-2: Ball 2-2: Ball 3-2: Foul Ball, location: 2F 3-2: Fly out, F8 (Flyball, 8RD, EV 97.5 MPH)
|
|
Batting: RHB Ken Postlethwaite
|
0-0: Foul Ball, location: 2F 0-1: Swinging Strike 0-2: Ball 1-2: Foul Ball, location: 2F 1-2: Ground out 5-3 (Groundball, 56S, EV 80.6 MPH)
|
| Bottom of the 7th over - 0 runs, 0 hits, 0 errors, 0 left on base; Minnesota (NYP) 29 - Idaho Falls 3 |
| TOP OF THE 8TH |
|
Minnesota (NYP) Twins batting - Pitching for Idaho Falls Chukars : LHP John Wagner
|
|
Pinch Hitting: LHB Brian Zick
|
0-0: Ball 1-0: Fly out, F9 (Flyball, 9LS, EV 88.1 MPH)
|
|
Batting: SHB Donell Burney
|
0-0: Ball 1-0: Ground out 6-3 (Groundball, 6, EV 81.2 MPH)
|
|
Batting: RHB Manuel Juarez
|
0-0: SINGLE (Line Drive, 7S, EV 90.0 MPH)
|
|
Batting: RHB Alex Loaiza
|
0-0: Ball 1-0: Ball 2-0: Fly out, F8 (Flyball, 89D, EV 103.8 MPH)
|
| Top of the 8th over - 0 runs, 1 hit, 0 errors, 1 left on base; Minnesota (NYP) 29 - Idaho Falls 3 |
| BOTTOM OF THE 8TH |
|
Idaho Falls Chukars batting - Pitching for Minnesota (NYP) Twins : RHP Ruben Torres
|
|
Now in RF: Brian Zick
|
|
|
Batting: RHB Nate De Jongh
|
0-0: Ball 1-0: Ball 2-0: Called Strike 2-1: Foul Ball, location: 2F 2-2: Fly out, F8 (Line Drive, 8LD, EV 85.0 MPH)
|
|
Batting: RHB Eric Dyer
|
0-0: Foul Ball, location: 2F 0-1: Swinging Strike 0-2: Ball 1-2: Ground out 6-3 (Groundball, 56D, EV 98.8 MPH)
|
|
Batting: RHB Ben Minge
|
0-0: Ball 1-0: Fly out, F8 (Line Drive, 8LD, EV 92.5 MPH)
|
| Bottom of the 8th over - 0 runs, 0 hits, 0 errors, 0 left on base; Minnesota (NYP) 29 - Idaho Falls 3 |
| TOP OF THE 9TH |
|
Minnesota (NYP) Twins batting - Pitching for Idaho Falls Chukars : LHP John Wagner
|
|
Pinch Hitting: RHB Abdul-Qahhar Wasim
|
0-0: Fly out, F7 (Flyball, BS2, EV 108.8 MPH)
|
|
Batting: RHB Michael McDonald
|
0-0: Fly out, F7 (Flyball, 7LS, EV 89.4 MPH)
|
|
Batting: RHB Ben Leiby
|
0-0: Fly out, F4 (Flyball, 34D, EV 88.1 MPH)
|
| Top of the 9th over - 0 runs, 0 hits, 0 errors, 0 left on base; Minnesota (NYP) 29 - Idaho Falls 3 |
| BOTTOM OF THE 9TH |
|
Idaho Falls Chukars batting - Pitching for Minnesota (NYP) Twins : RHP Ruben Torres
|
|
Now in LF: Abdul-Qahhar Wasim
|
|
|
Now in CF: Alex Loaiza
|
|
|
Batting: RHB Eric Erickson
|
0-0: Called Strike 0-1: Fly out, F4 (Flyball, 4D, EV 86.2 MPH)
|
|
Batting: RHB Timotheus Cooper
|
0-0: Called Strike 0-1: Foul Ball, location: 2F 0-2: Ball 1-2: Fly out, F9 (Flyball, 89XD, EV 95.6 MPH)
|
|
Batting: RHB Chad Sullivan
|
0-0: Ball 1-0: Foul Ball, location: 2F 1-1: Ball 2-1: Fly out, F5 (Line Drive, 5, EV 71.9 MPH)
|
| Bottom of the 9th over - 0 runs, 0 hits, 0 errors, 0 left on base; Minnesota (NYP) 29 - Idaho Falls 3 |
|